 Dungeon Crawl Stone Soup version 0.29.0-4-gdea44cf6ec (webtiles) character file.

Game seed: 11912409919918158419

6125 qw the Grappler (level 10, -5/98 HPs)
             Began as a Troll Cinder Acolyte on Aug 31, 2022.
             Was a Priest of Ignis.
             Slain by a yak (7 damage)
             ... while paralysed by a hornet
             ... on level 9 of the Dungeon.
             The game lasted 00:03:55 (6928 turns).

qw the Grappler (Troll Cinder Acolyte)              Turns: 6928, Time: 00:03:56

Health: -5/98      AC: 13    Str: 28    XL:     10   Next: 59%
Magic:  10/10      EV:  1    Int: 10    God:    Ignis [***...]
Gold:   288        SH:  0    Dex:  5    Spells: 11/11 levels left

rFire   + . .      SeeInvis .     - Unarmed
rCold   . . .      Faith    .   (no shield)
rNeg    . . .      Spirit   .   l - +0 robe {Will+}
rPois   .          Reflect  .   (helmet restricted)
rElec   .          Harm     .   n - +1 cloak
rCorr   .          Rampage  .   (gloves unavailable)
Will    +....                   (boots unavailable)
Stlth   +.........              f - amulet of regeneration
HPRegen 1.86/turn               (no ring)
MPRegen 0.12/turn               (no ring)

@: paralysed, lethally poisoned (-5 -> -5), about to teleport, fiery-armoured,
slowed
A: large, unfitting armour, claws 3, regeneration 1, shaggy fur 1, tough skin 1
a: Renounce Religion, Fiery Armour, Foxfire Swarm, Rising Flame


You were on level 9 of the Dungeon.
You worshipped Ignis.
Ignis was most pleased with you.
You visited 1 branch of the dungeon, and saw 9 of its levels.

You collected 402 gold pieces.
You spent 114 gold pieces at shops.


Innate Abilities, Weirdness & Mutations

You are too large for most types of armour.
You have claws for hands.
Your natural rate of healing is unusually fast.
You are covered in fur. (AC +1)
You have tough skin. (AC +1)


   Skills:
 + Level 5.9 Fighting
 - Level 3.6 Throwing
 - Level 1.3 Armour
 - Level 1.6 Dodging
 - Level 14.0 Unarmed Combat
 - Level 1.0 Spellcasting
 - Level 2.1 Fire Magic


You had 11 spell levels left.
You didn't know any spells.
Your spell library contained the following spells:

 Spells                   Type           Power      Damage    Failure   Level
 Scorch                   Fire           8%         2d5       22%         2

Inventory:

Armour
 l - a +0 robe of willpower (worn)
 n - a +1 cloak (worn)
Jewellery
 f - an amulet of regeneration (around neck)
Scrolls
 c - a scroll of teleportation
 d - a scroll of identify
 k - a scroll of enchant weapon
Potions
 a - a potion of ambrosia {unknown}
 b - a potion of might
 e - a potion of heal wounds
 g - a potion of mutation
 h - a potion of curing
 i - a potion of berserk rage {unknown}
 j - a potion of haste {unknown}
 m - a potion of resistance

Dungeon Overview and Level Annotations

Branches:
Dungeon (8/15)             Temple (0/1) D:4
   Lair: D:8-11

Altars:
Gozag
Kikubaaqudgha
Okawaru
Qazlal
Ru
Wu Jian
Xom
Yredelemnul
The Shining One

Shops:
D:7 **


Message History

You claw the yak! Your claw misses the yak.
The yak is severely wounded.
The hornet stings you.
You are poisoned.
You feel as though you will be slow longer.
The hornet is burned by your cloak of flames.
The hornet is moderately wounded.
The yak gores you!
The yak is burned by your cloak of flames.
The yak is severely wounded.
The yak barely misses you. The yak gores you.
You barely miss the yak.
The yak is severely wounded.
You feel very sick. The hornet stings you.
You feel as though you will be slow longer.
The hornet is burned by your cloak of flames.
The hornet is moderately wounded.
The yak gores you.
The yak is burned by your cloak of flames.
The yak is moderately wounded.
The yak completely misses you. The yak gores you but does no damage.
The yak is burned by your cloak of flames.
The yak is almost dead.
The hornet stings you.
You feel as though you will be slow longer.
6928 ||| READING 2 scrolls of teleportation.
As you read the scroll of teleportation, it crumbles to dust.
You feel strangely unstable.
You feel very sick. The hornet closely misses you. The yak barely misses you.
The yak gores you but does no damage.
The yak is burned by your cloak of flames.
The yak is lightly wounded.
The yak barely misses you. The hornet stings you.
You suddenly lose the ability to move!
The yak gores you!
The yak is burned by your cloak of flames.
The yak is moderately wounded.
The yak gores you!
You die...

################
##.@YY...........
##.YYy............
##...{.............
#..................
##...................
##....................
##.....................
##......................
##.......................


You could see 4 yaks and a hornet.

Vanquished Creatures
  Pikel (D:7)
  2 unseen horror zombies (D:7)
  Grinder (D:3)
  A troll (D:8)
  A hornet (D:8)
  2 yaks (D:9)
  Sigmund (D:4)
  2 wyverns (D:9)
  A steam dragon (D:8)
  2 water moccasins (D:7)
  Duvessa (D:7)
  An orc warrior (D:9)
  3 ice beasts
  4 sky beasts (D:7)
  A black bear (D:6)
  An ogre (D:5)
  2 phantoms
  A lemure (D:7)
  A kobold brigand (D:9)
  A wyvern zombie (D:7)
  A bullfrog (D:9)
  3 necrophages
  3 scorpions
  8 wights (D:6)
  Dowan (D:7)
  7 killer bees (D:9)
  4 centaur zombies (D:7)
  3 hounds
  2 gnoll boudas
  3 jellies
  An orc priest (D:5)
  Ijyb (D:5)
  An iron imp (D:5)
  Jessica (D:2)
  Terence (D:2)
  2 iguanas (D:4)
  Natasha (thrice) (D:4)
  An orc wizard (D:3)
  8 gnolls
  8 adders
  2 shadow imps (D:6)
  2 white imps (D:7)
  An ufetubus (D:7)
  A dart slug (D:1)
  21 orcs
  6 endoplasms
  3 giant cockroaches
  4 goblins
  11 hobgoblins
  3 quokkas
  4 ball pythons
  6 bats
  5 frilled lizards
  3 goblin skeletons (D:5)
  3 goblin zombies (D:5)
  A hobgoblin zombie (D:5)
  16 kobolds
  A kobold skeleton (D:5)
  3 orc skeletons (D:5)
  3 orc zombies (D:5)
  4 rats
195 creatures vanquished.

Vanquished Creatures (others)
  A human (D:4)
  An orc wizard (D:9)
2 creatures vanquished.

Grand Total: 197 creatures vanquished

Notes
Turn   | Place    | Note
-------+----------+-------------------------------------------
     0 | D:1      | qw the Troll Cinder Acolyte began the quest for the Orb.
     0 | D:1      | Reached XP level 1. HP: 22/22 MP: 1/1
     0 | D:1      | 0 ||| qw: Version: 0.1-a-97-g2dd2ca4
     0 | D:1      | 0 ||| qw: Game counter: 4569
     0 | D:1      | 0 ||| qw: Always use a shield: true
     0 | D:1      | 0 ||| qw: God list: Okawaru
     0 | D:1      | 0 ||| qw: Allow faded altars: false
     0 | D:1      | 0 ||| qw: Do Orc after D:15 true
     0 | D:1      | 0 ||| qw: Do second Lair branch before Depths: true
     0 | D:1      | 0 ||| qw: Lair rune preference: random
     0 | D:1      | 0 ||| qw: Plans: Normal
     0 | D:1      | 0 ||| PLANNING D:1-11
   329 | D:1      | 329 ||| Stepping ~*~*~tactically~*~*~ (hiding).
   336 | D:1      | Reached XP level 2. HP: 29/29 MP: 2/2
   740 | D:1      | Found a faded altar of an unknown god.
   841 | D:1      | 841 ||| DROPPING scarf of harm.
   842 | D:1      | 842 ||| DROPPING scarf of invisibility.
   843 | D:1      | 843 ||| READING 2 scrolls labelled ATIGUNTELIE.
   844 | D:1      | 844 ||| READING scroll labelled RAONLEUPSA.
   845 | D:1      | 845 ||| READING scroll labelled IGOAMU HEPLIK.
   846 | D:1      | 846 ||| READING scroll labelled AZIATR VEXOU.
   847 | D:1      | 847 ||| READING scroll labelled HUAV JAYPAOBBY.
   848 | D:1      | 848 ||| READING scroll labelled QIANET YCOZ.
   849 | D:1      | 849 ||| Stepping randomly (stuck).
   850 | D:1      | 850 ||| Stepping randomly (stuck).
   851 | D:1      | 851 ||| Stepping randomly (stuck).
   852 | D:1      | 852 ||| Stepping randomly (stuck).
   853 | D:1      | 853 ||| Stepping randomly (stuck).
   854 | D:1      | 854 ||| Stepping ~*~*~tactically~*~*~ (cloud).
   893 | D:2      | Reached skill level 4 in Unarmed Combat
   944 | D:2      | Reached XP level 3. HP: 36/36 MP: 3/3
  1029 | D:2      | Noticed Jessica
  1032 | D:2      | Killed Jessica
  1058 | D:2      | Reached XP level 4. HP: 44/44 MP: 4/4
  1175 | D:2      | Noticed Terence
  1176 | D:2      | 1176 ||| Stepping ~*~*~tactically~*~*~ (hiding).
  1183 | D:2      | 1183 ||| INVOKING Fiery Armour.
  1187 | D:2      | Killed Terence
  1188 | D:2      | Reached skill level 5 in Unarmed Combat
  1189 | D:2      | 1189 ||| Stepping ~*~*~tactically~*~*~ (outnumbered).
  1190 | D:2      | 1190 ||| Stepping ~*~*~tactically~*~*~ (outnumbered).
  1356 | D:2      | 1356 ||| FLEEEEING.
  1357 | D:2      | 1357 ||| FLEEEEING.
  1803 | D:2      | 1803 ||| READING 2 scrolls labelled JAGOIN LOUKHA.
  1806 | D:2      | 1806 ||| READING scroll labelled GIYPNOG WEAMA.
  1807 | D:2      | 1807 ||| READING scroll labelled KIUNKE FOLEQYTHROO.
  1808 | D:2      | 1808 ||| READING scroll labelled YLOFEO TOITWOK.
  1809 | D:2      | 1809 ||| READING scroll labelled GULONA HUGAC.
  1910 | D:2      | 1910 ||| DRINKING 2 glowing inky potions.
  1911 | D:2      | 1911 ||| DROPPING potion of invisibility.
  1949 | D:3      | 1949 ||| Stepping ~*~*~tactically~*~*~ (hiding).
  1950 | D:3      | 1950 ||| Stepping ~*~*~tactically~*~*~ (hiding).
  1954 | D:3      | 1954 ||| Stepping ~*~*~tactically~*~*~ (hiding).
  1956 | D:3      | 1956 ||| STAIRDANCE
  2062 | D:3      | Reached XP level 5. HP: 50/50 MP: 5/5
  2064 | D:3      | 2064 ||| STAIRDANCE
  2185 | D:3      | Noticed Grinder
  2188 | D:3      | 2188 ||| Stepping ~*~*~tactically~*~*~ (hiding).
  2192 | D:3      | 2192 ||| Stepping ~*~*~tactically~*~*~ (hiding).
  2198 | D:3      | 2198 ||| Stepping ~*~*~tactically~*~*~ (hiding).
  2209 | D:3      | Killed Grinder
  2210 | D:3      | Reached skill level 3 in Throwing
  2210 | D:3      | Reached XP level 6. HP: 39/59 MP: 6/6
  2271 | D:3      | Found an iron altar of Okawaru.
  2511 | D:3      | 2511 ||| READING 3 scrolls labelled ZAEQOO ATZUHE.
  2512 | D:3      | 2512 ||| READING scroll labelled NUFE MUARIKIG.
  2513 | D:3      | 2513 ||| READING 2 scrolls of identify.
  2513 | D:3      | 2513 ||| IDENTIFYING clear potion
  2514 | D:3      | 2514 ||| DROPPING 2 scrolls of noise.
  2540 | D:4      | 2540 ||| PLANNING OSSUARY
  2566 | D:4      | Found an opulent altar of Gozag.
  2630 | D:4      | Found a staircase to the Ecumenical Temple.
  2657 | D:4      | Reached skill level 6 in Unarmed Combat
  2717 | D:4      | Found a stormy altar of Qazlal.
  2717 | D:4      | Identified the +6 hand axe "Usudoese" {flame, *Slow rF-
                  | Will++ rCorr}
  2717 | D:4      | Noticed Natasha
  2719 | D:4      | Noticed Sigmund
  2720 | D:4      | 2720 ||| INVOKING Fiery Armour.
  2722 | D:4      | Killed Natasha
  2729 | D:4      | Noticed Natasha
  2733 | D:4      | Killed Sigmund
  2734 | D:4      | Reached XP level 7. HP: 50/66 MP: 7/7
  2737 | D:4      | Killed Natasha
  2738 | D:4      | Reached skill level 7 in Unarmed Combat
  2775 | D:4      | Noticed Natasha
  2776 | D:4      | 2776 ||| Stepping ~*~*~tactically~*~*~ (hiding).
  2777 | D:4      | 2777 ||| Stepping ~*~*~tactically~*~*~ (hiding).
  2786 | D:4      | Killed Natasha
  2802 | D:4      | Found an ornate altar of the Wu Jian Council.
  2812 | D:4      | Found a sacrificial altar of Ru.
  2861 | D:4      | 2861 ||| Stepping ~*~*~tactically~*~*~ (stealth).
  2862 | D:4      | 2862 ||| Stepping ~*~*~tactically~*~*~ (stealth).
  2870 | D:4      | 2870 ||| Stepping ~*~*~tactically~*~*~ (stealth).
  2883 | D:4      | 2883 ||| Stepping ~*~*~tactically~*~*~ (stealth).
  3003 | D:4      | 3003 ||| Stepping ~*~*~tactically~*~*~ (stealth).
  3083 | D:4      | Found an ancient bone altar of Kikubaaqudgha.
  3136 | D:4      | Noticed a human
  3137 | D:4      | Killed a human
  3156 | D:4      | 3156 ||| RIP OSSUARY
  3249 | D:4      | 3249 ||| PLANNING D:1-11
  3410 | D:4      | 3410 ||| READING scroll labelled TYATIOVVI COFA.
  3411 | D:4      | 3411 ||| READING scroll labelled MEOMNUOSEO.
  3412 | D:4      | 3412 ||| DRINKING 2 cyan potions.
  3413 | D:4      | 3413 ||| DRINKING 2 fizzy blue potions.
  3414 | D:4      | 3414 ||| DROPPING potion of degeneration.
  3429 | D:5      | Entered Level 5 of the Dungeon
  3435 | D:5      | 3435 ||| Stepping ~*~*~tactically~*~*~ (outnumbered).
  3439 | D:5      | 3439 ||| INVOKING Fiery Armour.
  3508 | D:5      | 3508 ||| Stepping ~*~*~tactically~*~*~ (stealth).
  3514 | D:5      | 3514 ||| Stepping ~*~*~tactically~*~*~ (stealth).
  3514 | D:5      | Found a glowing golden altar of the Shining One.
  3515 | D:5      | 3515 ||| Stepping ~*~*~tactically~*~*~ (stealth).
  3522 | D:5      | 3522 ||| Stepping ~*~*~tactically~*~*~ (outnumbered).
  3523 | D:5      | 3523 ||| Stepping ~*~*~tactically~*~*~ (outnumbered).
  3524 | D:5      | 3524 ||| Stepping ~*~*~tactically~*~*~ (outnumbered).
  3544 | D:5      | 3544 ||| Stepping ~*~*~tactically~*~*~ (stealth).
  3545 | D:5      | 3545 ||| Stepping ~*~*~tactically~*~*~ (stealth).
  3552 | D:5      | 3552 ||| Stepping ~*~*~tactically~*~*~ (stealth).
  3593 | D:5      | Reached skill level 8 in Unarmed Combat
  3679 | D:5      | 3679 ||| Stepping ~*~*~tactically~*~*~ (stealth).
  3680 | D:5      | 3680 ||| Stepping ~*~*~tactically~*~*~ (stealth).
  3689 | D:5      | Reached skill level 3 in Fighting
  3790 | D:5      | Reached XP level 8. HP: 75/75 MP: 8/8
  3944 | D:5      | Noticed Ijyb
  3945 | D:5      | 3945 ||| Stepping ~*~*~tactically~*~*~ (hiding).
  3954 | D:5      | Killed Ijyb
  4021 | D:5      | Reached skill level 9 in Unarmed Combat
  4141 | D:5      | 4141 ||| UPGRADING to amulet of regeneration.
  4146 | D:5      | 4146 ||| READING 2 scrolls of identify.
  4146 | D:5      | 4146 ||| IDENTIFYING sapphire potion
  4242 | D:6      | 4242 ||| Stepping ~*~*~tactically~*~*~ (stealth).
  4262 | D:6      | 4262 ||| Stepping ~*~*~tactically~*~*~ (stealth).
  4280 | D:6      | Reached skill level 1 in Dodging
  4302 | D:6      | 4302 ||| Stepping ~*~*~tactically~*~*~ (outnumbered).
  4303 | D:6      | 4303 ||| Stepping ~*~*~tactically~*~*~ (outnumbered).
  4311 | D:6      | 4311 ||| Stepping ~*~*~tactically~*~*~ (outnumbered).
  4312 | D:6      | 4312 ||| Stepping ~*~*~tactically~*~*~ (outnumbered).
  4642 | D:6      | Reached skill level 10 in Unarmed Combat
  4751 | D:6      | 4751 ||| Stepping ~*~*~tactically~*~*~ (stealth).
  4756 | D:6      | 4756 ||| Stepping ~*~*~tactically~*~*~ (stealth).
  4762 | D:6      | 4762 ||| Stepping ~*~*~tactically~*~*~ (outnumbered).
  4764 | D:6      | 4764 ||| Stepping ~*~*~tactically~*~*~ (outnumbered).
  4765 | D:6      | 4765 ||| Stepping ~*~*~tactically~*~*~ (outnumbered).
  4766 | D:6      | 4766 ||| Stepping ~*~*~tactically~*~*~ (outnumbered).
  4767 | D:6      | 4767 ||| Stepping ~*~*~tactically~*~*~ (outnumbered).
  4768 | D:6      | 4768 ||| Stepping ~*~*~tactically~*~*~ (outnumbered).
  4769 | D:6      | 4769 ||| Stepping ~*~*~tactically~*~*~ (outnumbered).
  4806 | D:6      | 4806 ||| Stepping ~*~*~tactically~*~*~ (hiding).
  4813 | D:6      | 4813 ||| INVOKING Fiery Armour.
  4952 | D:6      | Reached XP level 9. HP: 64/82 MP: 9/9
  5292 | D:6      | 5292 ||| UPGRADING to +0 cloak.
  5297 | D:6      | 5297 ||| DRINKING 3 orange potions.
  5298 | D:6      | 5298 ||| DRINKING 2 smoky golden potions.
  5299 | D:6      | 5299 ||| READING 2 scrolls of identify.
  5299 | D:6      | 5299 ||| IDENTIFYING puce potion
  5300 | D:6      | 5300 ||| DROPPING 2 potions of brilliance.
  5301 | D:6      | 5301 ||| DROPPING potion of attraction.
  5352 | D:7      | 5352 ||| Stepping ~*~*~tactically~*~*~ (hiding).
  5362 | D:7      | 5362 ||| Stepping ~*~*~tactically~*~*~ (hiding).
  5383 | D:7      | 5383 ||| INVOKING Fiery Armour.
  5425 | D:7      | 5425 ||| Stepping ~*~*~tactically~*~*~ (stealth).
  5444 | D:7      | Found a basalt altar of Yredelemnul.
  5460 | D:7      | Reached skill level 11 in Unarmed Combat
  5491 | D:7      | 5491 ||| Stepping ~*~*~tactically~*~*~ (hiding).
  5639 | D:7      | 5639 ||| Stepping ~*~*~tactically~*~*~ (stealth).
  5672 | D:7      | Reached skill level 12 in Unarmed Combat
  5679 | D:7      | Found a shimmering altar of Xom.
  5718 | D:7      | Found Yplousm's Specific Store.
  5718 | D:7      | Found Dopealae's General Store.
  5727 | D:7      | 5727 ||| SHOPLISTING ring "Sosuorghaal" {rF+ Str+6 SInv}
                  | (758 gold, have 281).
  5732 | D:7      | 5732 ||| BUYING scroll of enchant weapon (90 gold).
  5732 | D:7      | Bought a scroll of enchant weapon for 90 gold pieces
  5732 | D:7      | 5732 ||| BUYING scroll of identify (24 gold).
  5732 | D:7      | Bought a scroll of identify for 24 gold pieces
  5866 | D:7      | Noticed Duvessa
  5872 | D:7      | Noticed Dowan
  5873 | D:7      | 5873 ||| INVOKING Fiery Armour.
  5875 | D:7      | Killed Duvessa
  5878 | D:7      | Killed Dowan
  5958 | D:7      | Noticed Pikel
  5969 | D:7      | Killed Pikel
  5970 | D:7      | Reached XP level 10. HP: 96/96 MP: 10/10
  5974 | D:7      | 5974 ||| Stepping ~*~*~tactically~*~*~ (stealth).
  5987 | D:7      | Reached skill level 13 in Unarmed Combat
  6138 | D:7      | Reached skill level 1 in Armour
  6314 | D:7      | 6314 ||| UPGRADING to +0 robe of willpower.
  6324 | D:7      | 6324 ||| DROPPING +0 robe.
  6325 | D:7      | 6325 ||| READING 2 scrolls of identify.
  6325 | D:7      | 6325 ||| IDENTIFYING amethyst potion
  6326 | D:7      | 6326 ||| DROPPING potion of flight.
  6392 | D:8      | 6392 ||| Stepping ~*~*~tactically~*~*~ (stealth).
  6476 | D:8      | 6476 ||| INVOKING Fiery Armour.
  6601 | D:8      | 6601 ||| Stepping ~*~*~tactically~*~*~ (stealth).
  6603 | D:8      | 6603 ||| Stepping ~*~*~tactically~*~*~ (stealth).
  6604 | D:8      | 6604 ||| Stepping ~*~*~tactically~*~*~ (stealth).
  6605 | D:8      | 6605 ||| Stepping ~*~*~tactically~*~*~ (stealth).
  6606 | D:8      | 6606 ||| Stepping ~*~*~tactically~*~*~ (stealth).
  6800 | D:8      | You fall into a shaft and drop 1 floor!
  6807 | D:9      | 6807 ||| READING scroll of enchant armour.
  6807 | D:9      | 6807 ||| ENCHANTING +0 cloak.
  6820 | D:9      | 6820 ||| INVOKING Fiery Armour.
  6835 | D:9      | 6835 ||| Stepping ~*~*~tactically~*~*~ (outnumbered).
  6836 | D:9      | 6836 ||| Stepping ~*~*~tactically~*~*~ (outnumbered).
  6837 | D:9      | 6837 ||| Stepping ~*~*~tactically~*~*~ (outnumbered).
  6838 | D:9      | 6838 ||| Stepping ~*~*~tactically~*~*~ (outnumbered).
  6839 | D:9      | 6839 ||| Stepping ~*~*~tactically~*~*~ (outnumbered).
  6840 | D:9      | 6840 ||| Stepping ~*~*~tactically~*~*~ (outnumbered).
  6848 | D:9      | 6848 ||| Stepping ~*~*~tactically~*~*~ (outnumbered).
  6852 | D:9      | 6852 ||| Stepping ~*~*~tactically~*~*~ (outnumbered).
  6853 | D:9      | 6853 ||| Stepping ~*~*~tactically~*~*~ (outnumbered).
  6854 | D:9      | 6854 ||| Stepping ~*~*~tactically~*~*~ (outnumbered).
  6856 | D:9      | 6856 ||| Stepping ~*~*~tactically~*~*~ (outnumbered).
  6857 | D:9      | 6857 ||| Stepping ~*~*~tactically~*~*~ (outnumbered).
  6862 | D:9      | 6862 ||| Stepping ~*~*~tactically~*~*~ (outnumbered).
  6865 | D:9      | 6865 ||| Stepping ~*~*~tactically~*~*~ (outnumbered).
  6902 | D:9      | Reached skill level 14 in Unarmed Combat
  6909 | D:9      | 6909 ||| Stepping ~*~*~tactically~*~*~ (outnumbered).
  6910 | D:9      | 6910 ||| Stepping ~*~*~tactically~*~*~ (outnumbered).
  6911 | D:9      | 6911 ||| Stepping ~*~*~tactically~*~*~ (outnumbered).
  6912 | D:9      | 6912 ||| Stepping ~*~*~tactically~*~*~ (outnumbered).
  6913 | D:9      | 6913 ||| Stepping ~*~*~tactically~*~*~ (outnumbered).
  6913 | D:9      | Paralysed by a hornet for 1 turns
  6914 | D:9      | 6914 ||| Stepping ~*~*~tactically~*~*~ (outnumbered).
  6915 | D:9      | 6915 ||| Stepping ~*~*~tactically~*~*~ (outnumbered).
  6927 | D:9      | HP: 21/98 [hornet (6)]
  6928 | D:9      | 6928 ||| READING 2 scrolls of teleportation.
  6928 | D:9      | Paralysed by a hornet for 1 turns
  6928 | D:9      | HP: 2/98 [yak (9)]
  6928 | D:9      | Slain by a yak

Levels and vault maps discovered:
D:1:      matt_arrival_debris, layout_loops_ring,
          dilly_ecumenical_altar_fadedgnrine, minivault_4
D:2:      layout_basic, uniq_jessica, uniq_terence
D:3:      layout_rooms, lemuel_tele_altar, uniq_grinder
D:4:      layout_basic, mainiacjoe_overflow_paths,
          mainiacjoe_overflow_boulevard, tgw_kikubaaqudgha,
          mainiacjoe_overflow_brackets, nicolae_gozag_seed_capital,
          temple_pool_b, nicolae_ossuary_entry_monument,
          minmay_fractal_squares_diagonal_5, uniq_sigmund, uniq_natasha
D:5:      layout_loops_ring, nicolae_tso_besieged_by_evil, lemuel_old_faithful,
          uniq_ijyb
D:6:      corexii_shantytown, layout_basic
D:7:      layout_basic, nicolae_yredelemnul_corpse_copse, xom_butterflies,
          nicolae_specific_store, uniq_pikel, uniq_duvessa
D:8:      layout_loops_corners
D:9:      layout_big_octagon, nicolae_elyvilon_temple_path, lair_entry_dummy,
          kennysheep_small_circle

Skill      XL: |  1  2  3  4  5  6  7  8  9 10 |
---------------+-------------------------------+-----
Unarmed Combat | 4 5 6 8 10 12 14 | 14.0
Throwing       | 3 |  3.6
Fighting       | 3 4 5 |  5.9
Dodging        | 1 |  1.6
Armour         | 1 |  1.3
Spellcasting   | |  1.0
Fire Magic     | |  2.1

Action                   |  1- 3 |  4- 6 |  7- 9 | 10-12 || total
-------------------------+-------+-------+-------+-------++-------
Melee: Unarmed           |    54 |    67 |   290 |    98 ||   509
       Punch             |       |     3 |    12 |     5 ||    20
Throw: Javelin           |       |    14 |    33 |       ||    47
Invok: Fiery Armour      |       |     2 |     4 |     2 ||     8
  Use: Scroll            |     6 |     8 |     4 |     3 ||    21
       Potion            |       |     1 |     4 |       ||     5
Armor: Robe              |    16 |    17 |    63 |    57 ||   153
Dodge: Dodged            |    28 |    20 |    75 |    66 ||   189

Table legend:
 A = Non-vault XP
 B = Vault XP
 C = Vault XP percentage of total XP
 D = Non-vault monster count
 E = Vault monster count
 F = Vault count percentage of total count
                 A         B        C        D         E       F
            +---------+---------+-------+---------+---------+-------
      Total |    5776 |    2974 |  34.0 |     138 |      57 |  29.2
            +---------+---------+-------+---------+---------+-------
        D:1 |      24 |       0 |   0.0 |      13 |       0 |   0.0
        D:2 |      66 |      73 |  52.5 |      19 |       2 |   9.5
        D:3 |      55 |     290 |  84.1 |      14 |       1 |   6.7
        D:4 |     129 |     372 |  74.3 |      13 |       7 |  35.0
        D:5 |     634 |      92 |  12.7 |      18 |      16 |  47.1
        D:6 |    1040 |      56 |   5.1 |      15 |      19 |  55.9
        D:7 |    1470 |    1942 |  56.9 |      20 |      10 |  33.3
        D:8 |     874 |       0 |   0.0 |       4 |       0 |   0.0
        D:9 |    1484 |     149 |   9.1 |      22 |       2 |   8.3
            +---------+---------+-------+---------+---------+-------
